 Dungeon Crawl Stone Soup version 0.22-a0-799-g88f5e90 (webtiles) character file.

98 sking99 the Insei (level 4, 0/37 HPs)
             Began as a Draconian Transmuter on July 21, 2018.
             Was an Initiate of Okawaru.
             Slain by a slave (9 damage)
             ... led by Pikel
             ... on level 3 of the Dungeon.
             The game lasted 00:04:16 (3201 turns).

sking99 the Insei (Draconian Transmuter)            Turns: 3201, Time: 00:04:16

Health: 0/37       AC:  5    Str: 12    XL:     4   Next: 44%
Magic:  3/7        EV: 13    Int: 13    God:    Okawaru [......]
Gold:   248        SH:  0    Dex: 13    Spells: 4/7 levels left

rFire    . . .     SeeInvis .     - Unarmed
rCold    . . .     Gourm    .   (no shield)
rNeg     . . .     Faith    .   (armour unavailable)
rPois    .         Spirit   .   (helmet restricted)
rElec    .         Reflect  .   (no cloak)
rCorr    .         Harm     .   (no gloves)
MR       .....                  (no boots)
Stlth    +.........             (no amulet)
HPRegen  0.12/turn              (no ring)
MPRegen  0.10/turn              (no ring)

@: very slightly contaminated
A: unfitting armour, cold-blooded, AC +5
a: Renounce Religion


You were on level 3 of the Dungeon.
You worshipped Okawaru.
Okawaru was noncommittal.
You were not hungry.

You visited 1 branch of the dungeon, and saw 4 of its levels.

You collected 248 gold pieces.

Inventory:

Missiles
 a - 11 arrows
Scrolls
 b - 2 scrolls of amnesia {unknown}
 d - 2 scrolls of remove curse {unknown}
 e - 5 scrolls of identify {unknown}
 g - a scroll of enchant weapon {unknown}
 i - 3 scrolls of teleportation {unknown}
 j - 3 scrolls of enchant armour {unknown}
 m - a scroll of magic mapping {unknown}
 o - a scroll of random uselessness {unknown}
 q - a scroll of blinking {unknown}
Potions
 f - a potion of cancellation {unknown}
 h - a potion of brilliance {unknown}
 k - a potion of berserk rage {unknown}
 l - 2 potions of curing {unknown}
 p - a potion of mutation {unknown}
 r - a potion of might {unknown}
Comestibles
 c - 7 rations


   Skills:
 + Level 2.5 Fighting
 + Level 2.6 Dodging
 * Level 4.2 Unarmed Combat
 - Level 2.0 Spellcasting
 - Level 2.0 Transmutations


You had 4 spell levels left.
You knew the following spells:

 Your Spells              Type           Power        Failure   Level  Hunger
a - Beastly Appendage     Tmut           #.....       11%         1    ##.....
b - Sticks to Snakes      Tmut           #.......     17%         2    ###....

Your spell library contained the following spells:

 Spells                   Type           Power        Failure   Level  Hunger
 Spider Form              Tmut/Pois      #.........   45%         3    ####...
 Blade Hands              Tmut           #.........   97%         5    ######.
 Ice Form                 Ice/Tmut       #.......     86%         4    #####..


Dungeon Overview and Level Annotations

Branches:
Dungeon (4/15)
 Temple: D:4-7

Altars:
Cheibriados
Gozag
Kikubaaqudgha
Makhleb
Okawaru

Annotations:
D:4 Grinder, Pikel


Innate Abilities, Weirdness & Mutations

Your plain brown scales are hard. (AC +5)
You cannot fit into any form of body armour.
You are cold-blooded and may be slowed by cold attacks.


Message History

The slave is moderately wounded.
Your ball python closely misses the slave.
Your ball python grabs the slave.
Your ball python constricts the slave.
The slave hits you!
* * * LOW HITPOINT WARNING * * *
You hit the slave but do no damage.
The slave is moderately wounded.
Your ball python bites the slave but does no damage.
Your ball python constricts the slave.
The slave completely misses you.
You hit the slave.
The slave is moderately wounded.
Your ball python bites the slave but does no damage.
Your ball python constricts the slave.
The slave hits you.
* * * LOW HITPOINT WARNING * * *
Your ball python bites the slave but does no damage.
Your ball python constricts the slave.
You hit the slave.
The slave is heavily wounded.
The slave hits you!
You die...

......# #(.............#
#.. #######
#..(...........# #.. #
#....(.........# #.. #
#..###.).......# #.. ##
#..# #.........# #.. .##
#..###....<...####.. #.#
#####...####...........#
.## #.....p[#
#......######
##########.###S.@#
#.#...##
..........#.##.###
#>##### ..(......###...#
#.# .....#....#.#### #.#
.........#.## #.#
.....###.#.##########.#
####### .....#
#..............# #......
##.### #.#.############
#.##### ##.# #)#.# #[#


You could see a slave and a friendly ball python.

Vanquished Creatures
  A slave (D:3)
  2 adders
  An ooze (D:2)
  3 worms
  2 dart slugs
  A leopard gecko (D:1)
  5 giant cockroaches
  6 goblins
  6 hobgoblins
  8 jackals
  6 kobolds
  A ball python (D:2)
  6 bats
  5 frilled lizards
  7 rats
60 creatures vanquished.

Notes
Turn   | Place    | Note
-------+----------+-------------------------------------------
     0 | D:1      | sking99 the Draconian Transmuter began the quest for the Orb.
     0 | D:1      | Reached XP level 1. HP: 16/16 MP: 3/3
   172 | D:1      | Reached XP level 2. HP: 23/23 MP: 5/5
   177 | D:1      | Learned a level 2 spell: Sticks to Snakes
   739 | D:1      | Reached XP level 3. HP: 28/29 MP: 6/6
  1152 | D:2      | Reached skill level 4 in Unarmed Combat
  1463 | D:2      | Found an iron altar of Okawaru.
  1915 | D:2      | Became a worshipper of Warmaster Okawaru
  1993 | D:3      | Reached XP level 4. HP: 29/36 MP: 7/7
  2601 | D:3      | Found an ancient bone altar of Kikubaaqudgha.
  2601 | D:3      | Found a burning altar of Makhleb.
  2606 | D:3      | Found an opulent altar of Gozag.
  2608 | D:3      | Found a faded altar of an unknown god.
  2610 | D:3      | Found a snail-covered altar of Cheibriados.
  2855 | D:4      | Noticed Grinder
  2887 | D:4      | Noticed Pikel
  2887 | D:4      | Noticed a slave
  2887 | D:4      | Noticed a slave
  2887 | D:4      | Noticed a slave
  2887 | D:4      | Noticed a slave
  2912 | D:3      | Killed a slave
  3201 | D:3      | Slain by a slave

Vault maps used:
D:1:      dpeg_arrival_rhombi, minmay_fountain_box
D:2:      lemuel_crystal_altar, minmay_misc_feat_cross
D:3:      chequers_temple_overflow_minitemple
D:4:      kennysheep_goblin_castle, serial_shops, nicolae_shop_waterfront, shop,
          nicolae_shop_statue_plus, nicolae_shop_stone, nicolae_shop_stone,
          serial_undead, serial_undead_a, serial_undead_d, serial_undead_a,
          serial_undead_a, biasface_ghost_orc_armoury, dk_rats_in_the_wall,
          uniq_crazy_yiuf_cottage, uniq_grinder, uniq_pikel, uniq_eustachio,
          uniq_ijyb, uniq_edmund

Skill      XL: |  1  2  3 |
---------------+----------+-----
Dodging        | 2 |  2.6
Fighting       | 2 |  2.5
Unarmed Combat | 4 |  4.2
Spellcasting   | |  2.0
Transmutations | |  2.0

Action                   |  1- 3 |  4- 6 || total
-------------------------+-------+-------++-------
Melee: Unarmed           |   167 |    80 ||   247
       Tailslap          |    12 |     6 ||    18
       Punch             |     2 |     2 ||     4
       Kick              |     3 |       ||     3
       Headbutt          |       |     1 ||     1
 Cast: Beastly Appendage |     1 |     2 ||     3
       Sticks to Snakes  |       |     1 ||     1
 Stab: Sleeping          |     1 |       ||     1
  Eat: Chunk             |     1 |     2 ||     3
       Ration            |     1 |     1 ||     2
Armor: Skin              |    49 |    24 ||    73
Dodge: Dodged            |   103 |    59 ||   162

Table legend:
 A = Spawn XP
 B = Non-spawn XP
 C = Spawn XP percentage of total XP
 D = Spawn monster count
 E = Non-spawn monster count
 F = Spawn count percentage of total count
 G = Total turns spent on level
                    A         B        C        D         E        F      G
               +---------+---------+-------+---------+---------+-------+---------
         Total |       0 |     141 |   0.0 |       0 |      59 |   0.0 |  3201
               +---------+---------+-------+---------+---------+-------+---------
           D:1 |       0 |      48 |   0.0 |       0 |      29 |   0.0 |   940
           D:2 |       0 |      48 |   0.0 |       0 |      13 |   0.0 |  1026
           D:3 |       0 |      45 |   0.0 |       0 |      17 |   0.0 |  1218
               +---------+---------+-------+---------+---------+-------+---------
